[Event "Titled Tuesday Blitz May 17 Early 2022"]
[White "Visakh N R"]
[Black "Morefield, Jason"]
[WhiteFideId "25012223"]
[BlackFideId "30920825"]
[WhiteElo "2448"]
[BlackElo "2171"]
[Result "1/2-1/2"]
[Round "11"]
[TimeControl "180+1"]
[Date "2022.05.17"]
[WhiteClock "0:01:00"]
[BlackClock "0:00:21"]

1. e4 d6 2. d4 Nf6 3. Nc3 g6 4. Nf3 Bg7 5. Be2 O-O 6. O-O c6 7. a4 Nbd7 8. Re1 Qc7 9. a5 e5 10. h3 Re8 11. dxe5 Nxe5 12. Nxe5 dxe5 13. Be3 Be6 14. Bd3 b5 15. axb6 axb6 16. Qe2 b5 17. f3 Nd7 18. Qf2 Bf8 19. Ne2 Qb7 20. h4 h5 21. Rxa8 Rxa8 22. f4 exf4 23. Nxf4 Bg4 24. Rf1 Ne5 25. Bd4 Bg7 26. Be2 Rd8 27. c3 b4 28. g3 bxc3 29. Bxc3 Qe7 30. Kg2 Bxe2 31. Qxe2 Ng4 32. Bxg7 Kxg7 33. Nh3 Qc5 34. Kh1 Qe5 35. Qf3 f6 36. Nf2 Qxb2 37. Nxg4 hxg4 38. Qxg4 Rd2 39. Qf3 Qe5 40. Qf4 Qxf4 41. gxf4 Rc2 42. e5 Kf7 43. Rd1 fxe5 44. fxe5 Rc4 45. Kg2 Rxh4 46. Rd7+ Ke6 47. Rd6+ Kxe5 48. Rxc6 Kf5 49. Rc5+ Kf6 50. Ra5 Re4 51. Kg3 Re5 52. Rxe5 Kxe5 53. Kg4 Kf6 54. Kf4 Kf7 55. Kg5 Kg7 56. Kg4 Kh6 57. Kh4 Kg7 58. Kg5 Kf7 59. Kg4 Kf6 60. Kf4 g5+ 61. Kg4 Kg6 62. Kg3 Kf5 63. Kf3 g4+ 64. Kg3 Kg5 65. Kg2 Kf4 66. Kf2 g3+ 67. Kg2 Kg4 68. Kg1 Kf3 69. Kf1 g2+ 70. Kg1 Kg3 1/2-1/2


[Site "https://www.chess.com"]

[Event "Titled Tuesday Blitz May 17 Early 2022"]
[White "Vokhidov, Shamsiddin"]
[Black "Sarana, Alexey"]
[WhiteFideId "14204223"]
[BlackFideId "24133795"]
[WhiteElo "2611"]
[BlackElo "2666"]
[Result "1-0"]
[Round "11"]
[TimeControl "180+1"]
[Date "2022.05.17"]
[WhiteClock "0:02:18"]
[BlackClock "0:02:27"]

1. e4 c5 2. Nf3 d6 3. Bb5+ Nd7 4. d4 cxd4 5. Qxd4 a6 6. Bxd7+ Bxd7 7. c4 e5 8. Qd3 b5 9. b3 Be7 10. O-O h6 11. Nc3 Qb6 12. Nd5 Qb7 13. Nxe7 Nxe7 14. Qxd6 Ng6 15. Nxe5 Nxe5 16. Qxe5+ Kf8 17. Bb2 f6 18. Qd6+ Kf7 19. e5 Qc6 20. e6+ Bxe6 21. Qxc6 1-0


[Site "https://www.chess.com"]

[Event "Titled Tuesday Blitz May 17 Early 2022"]
[White "Wagh Suyog"]
[Black "Sokolovsky, Yahli"]
[WhiteFideId "25071688"]
[BlackFideId "2820242"]
[WhiteElo "2181"]
[BlackElo "1770"]
[Result "1-0"]
[Round "11"]
[TimeControl "180+1"]
[Date "2022.05.17"]
[WhiteClock "0:00:44"]
[BlackClock "0:00:03"]

1. e4 g6 2. d4 Bg7 3. Nc3 d6 4. f4 a6 5. Nf3 b5 6. Bd3 c5 7. dxc5 dxc5 8. e5 Bb7 9. Qe2 Nc6 10. Be4 e6 11. Be3 Qa5 12. O-O b4 13. Nd1 Rc8 14. Nf2 Nge7 15. Ng4 Nf5 16. Rad1 O-O 17. Nf6+ Bxf6 18. exf6 Rfd8 19. Ne5 Ncd4 20. Bxd4 Nxd4 21. Rxd4 cxd4 22. Bxb7 d3 23. Qf2 Rxc2 24. Qe3 d2 25. Bf3 Qc5 26. Qxc5 Rxc5 27. Kf2 Rc2 28. Rd1 Rxb2 29. Ke3 Rxa2 30. Nc6 Rd6 31. Nxb4 Ra3+ 32. Ke2 Rb3 33. Nc2 Rb2 34. Rxd2 Rxd2+ 35. Kxd2 a5 36. Kc3 Rb1 37. Bc6 Rf1 38. g3 Rf2 39. h4 h5 40. Nd4 Rh2 41. Kd3 Rh3 42. Ne2 Rh2 43. Ke3 Kf8 44. Ba4 Rh1 45. Kd4 Ra1 46. Nc3 Rg1 47. Ne4 Rd1+ 48. Bxd1 1-0


[Site "https://www.chess.com"]

[Event "Titled Tuesday Blitz May 17 Early 2022"]
[White "Wagner, Dennis"]
[Black "Risteski, Emil"]
[WhiteFideId "24650684"]
[BlackFideId "15005267"]
[WhiteElo "2355"]
[BlackElo "2070"]
[Result "1-0"]
[Round "11"]
[TimeControl "180+1"]
[Date "2022.05.17"]
[WhiteClock "0:00:09"]
[BlackClock "0:00:05"]

1. e4 c5 2. Nf3 d6 3. Bb5+ Bd7 4. c4 Nf6 5. Nc3 g6 6. d4 cxd4 7. Nxd4 Bg7 8. Be3 O-O 9. Bxd7 Qxd7 10. h3 Nc6 11. O-O Rfc8 12. b3 Rab8 13. Rc1 a6 14. Nxc6 bxc6 15. Qd3 Ne8 16. Rfd1 Qe6 17. Ne2 c5 18. Nf4 Qd7 19. g4 a5 20. Kg2 a4 21. f3 axb3 22. axb3 Ra8 23. Rd2 Rcb8 24. h4 Ra3 25. Rb1 Qb7 26. h5 Rxb3 27. Rxb3 Qxb3 28. Nd5 Qxd3 29. Rxd3 e6 30. Ne7+ Kf8 31. Nc6 Rb6 32. Na7 Rb4 33. h6 Be5 34. Nc6 Rxc4 35. Nxe5 dxe5 36. Rd7 Rc2+ 37. Kg3 Rc3 38. Bg5 f6 39. Bd2 Rc2 40. Ba5 Kg8 41. Re7 Kf8 42. Rxh7 f5 43. Rh8+ Kf7 44. Rh7+ Kg8 45. Re7 Nf6 46. Bd8 f4+ 47. Kh3 Nh7 48. Rg7+ Kh8 49. Rxg6 Rf2 50. Bc7 Rxf3+ 51. Kh4 Nf8 52. Bxe5+ Kh7 53. Rg7+ Kxh6 54. g5# 1-0


[Site "https://www.chess.com"]

[Event "Titled Tuesday Blitz May 17 Early 2022"]
[White "Xu, Yi"]
[Black "Lazavik, Denis"]
[WhiteFideId "8605564"]
[BlackFideId "13515110"]
[WhiteElo "2471"]
[BlackElo "2437"]
[Result "0-1"]
[Round "11"]
[TimeControl "180+1"]
[Date "2022.05.17"]
[WhiteClock "0:00:03"]
[BlackClock "0:00:11"]

1. e4 c5 2. Nf3 e6 3. d4 cxd4 4. Nxd4 Nc6 5. Nc3 Qc7 6. Be3 a6 7. g4 b5 8. Nxc6 Qxc6 9. Qd2 b4 10. Ne2 Qxe4 11. Rg1 Qc4 12. Ng3 Qc7 13. O-O-O Nf6 14. Bg2 Bb7 15. Bf4 Qc8 16. g5 Nd5 17. Be5 Qc4 18. Kb1 Qb5 19. Bf1 Qb6 20. Ne4 Rc8 21. Rg3 d6 22. Bd4 Qc7 23. c4 bxc3 24. Nxc3 Ne7 25. Bh3 Nc6 26. f4 Nxd4 27. Qxd4 Qc5 28. Qa4+ Bc6 29. Qxa6 Ra8 30. Qd3 g6 31. Re3 Be7 32. Ne4 Qa5 33. a3 Bxe4 34. Qxe4 d5 35. Qe5 O-O 36. f5 Bc5 37. fxg6 hxg6 38. Rf3 Qb6 39. Bg4 Bd6 40. Qf6 Bxa3 41. Rh3 Qxb2+ 42. Qxb2 Bxb2 43. Kxb2 Ra4 44. Be2 Rb8+ 45. Rb3 Rxb3+ 46. Kxb3 Re4 47. Bd3 Rh4 48. Rd2 Rg4 49. Kc3 Rxg5 50. Rf2 Kg7 51. Kd2 Rh5 52. Ke3 Rh3+ 53. Ke2 f5 54. Bb5 Kf6 55. Kf1 e5 56. Rd2 d4 57. Bc6 Rc3 58. Bg2 Rc4 59. Ke2 e4 60. Ra2 Ke5 61. Ra6 g5 62. Bh3 Rc2+ 63. Kd1 Rc5 64. Kd2 g4 65. Bf1 d3 66. Ke3 f4+ 67. Kd2 Rc2+ 68. Kd1 Rxh2 69. Ra5+ Kd4 70. Ra4+ Ke3 71. Ra1 Rh1 72. Ke1 f3 73. Rd1 f2# 0-1


[Site "https://www.chess.com"]

[Event "Titled Tuesday Blitz May 17 Early 2022"]
[White "Yang, Kaiqi"]
[Black "Gabrielian, Artur"]
[WhiteFideId "8604398"]
[BlackFideId "4131002"]
[WhiteElo "2373"]
[BlackElo "2440"]
[Result "0-1"]
[Round "11"]
[TimeControl "180+1"]
[Date "2022.05.17"]
[WhiteClock "0:00:01"]
[BlackClock "0:00:10"]

1. d4 Nf6 2. c4 c5 3. d5 e6 4. Nc3 exd5 5. cxd5 d6 6. e4 g6 7. f4 Bg7 8. Bb5+ Nfd7 9. Nf3 a6 10. Be2 b5 11. O-O O-O 12. Kh1 Re8 13. f5 b4 14. Na4 Nf6 15. Bg5 Nbd7 16. Bd3 Qc7 17. Rc1 Nxe4 18. Bxe4 Rxe4 19. Re1 gxf5 20. Nh4 Ne5 21. Qh5 Bd7 22. b3 Nd3 23. Rxe4 fxe4 24. Rf1 Bxa4 25. bxa4 f6 26. Be3 Qf7 27. Qg4 Re8 28. Nf5 Qg6 29. Qh4 Re5 30. g4 c4 31. Bd4 Re8 32. Nxd6 Rf8 33. Nf5 Rf7 34. d6 c3 35. Ne7+ Rxe7 36. dxe7 c2 37. g5 f5 38. Qg3 f4 39. Qg4 Qc6 0-1


[Site "https://www.chess.com"]

[Event "Titled Tuesday Blitz May 17 Early 2022"]
[White "Yeletsky, Ivan"]
[Black "Csonka, Balazs"]
[WhiteFideId "24180327"]
[BlackFideId "742910"]
[WhiteElo "2319"]
[BlackElo "2404"]
[Result "1/2-1/2"]
[Round "11"]
[TimeControl "180+1"]
[Date "2022.05.17"]
[WhiteClock "0:00:06"]
[BlackClock "0:00:03"]

1. c4 c6 2. Nf3 d5 3. e3 Nf6 4. Nc3 e6 5. b3 Bd6 6. Qc2 O-O 7. d4 Nbd7 8. Be2 b6 9. Bb2 Bb7 10. O-O Qe7 11. a4 a5 12. Rfd1 Rfd8 13. Bd3 e5 14. cxd5 cxd5 15. dxe5 Nxe5 16. Nxe5 Qxe5 17. g3 Rac8 18. Nb5 d4 19. Bxd4 Qh5 20. Qe2 Bf3 21. Qf1 Ng4 22. h3 Bc5 23. Rdc1 Ne5 24. Bxe5 Qxe5 25. Be2 Bb7 26. Nd4 Bxd4 27. exd4 Qe4 28. f3 Qxd4+ 29. Qf2 Rxc1+ 30. Rxc1 Kf8 31. Qxd4 Rxd4 32. Rc7 Bd5 33. Rd7 Rd2 34. Kf1 Rxe2 35. Kxe2 Bxb3 36. Rd4 Ke7 37. Kd2 Be6 38. h4 Bd7 39. Kc3 b5 40. axb5 Bxb5 41. Rd5 Bc6 42. Re5+ Kf6 43. Re3 h5 44. Kc4 g6 45. Kc5 Bd7 46. Rd3 Be6 47. Ra3 g5 48. Rxa5 gxh4 49. gxh4 Kf5 50. Ra4 f6 51. Re4 Bf7 52. Kd6 Bg6 53. Rd4 Bf7 54. Ra4 Bb3 55. Rb4 Bd1 56. f4 Kg4 57. Ke6 f5 58. Ke5 Bf3 59. Rb3 Be4 60. Rb7 Kxh4 61. Rg7 Kh3 62. Rg5 h4 63. Kd4 Kh2 64. Ke3 h3 65. Kf2 Bd3 66. Rg3 Be4 67. Re3 Bg2 68. Re5 Be4 69. Ra5 Bd3 70. Rc5 Be4 71. Rb5 Bd3 72. Rb2 Be4 73. Rd2 Bg2 74. Rd7 Be4 75. Rg7 Bg2 76. Rg3 Be4 77. Rg1 Bg2 78. Rc1 Be4 79. Ra1 Bd3 80. Ra2 Be4 81. Rb2 Bg2 82. Rb4 Be4 83. Rxe4 fxe4 84. f5 e3+ 85. Kxe3 Kg1 86. f6 h2 87. f7 h1=Q 88. f8=Q Qh3+ 89. Qf3 Kh2 90. Kf2 Qxf3+ 91. Kxf3 1/2-1/2


[Site "https://www.chess.com"]

[Event "Titled Tuesday Blitz May 17 Early 2022"]
[White "Zakhartsov, Vladimir"]
[Black "Piesik, Piotr"]
[WhiteFideId "4145097"]
[BlackFideId "1136194"]
[WhiteElo "2428"]
[BlackElo "2190"]
[Result "1/2-1/2"]
[Round "11"]
[TimeControl "180+1"]
[Date "2022.05.17"]
[WhiteClock "0:01:35"]
[BlackClock "0:00:23"]

1. d4 c5 2. d5 e5 3. Nc3 d6 4. e4 Be7 5. Bb5+ Nd7 6. a4 Bg5 7. Nf3 Bxc1 8. Qxc1 Ne7 9. Nd2 O-O 10. Nc4 Nf6 11. a5 a6 12. Ba4 Ng6 13. O-O Nf4 14. Qe3 Ng4 15. Qe1 f5 16. f3 Nf6 17. Nb6 Rb8 18. Nxc8 Qxc8 19. exf5 Qxf5 20. Ne4 Nxe4 21. Qxe4 Qxe4 22. fxe4 Ne2+ 23. Kh1 Rf4 24. Rxf4 Nxf4 25. g3 Nh5 26. Kg2 Kf7 27. Kf3 Ke7 28. Ke3 Nf6 29. c3 h5 30. Bd1 g5 31. Be2 g4 32. Rf1 Rh8 33. h4 gxh3 34. Rh1 Ng4+ 35. Kd2 Nf2 36. Rh2 Nxe4+ 37. Ke3 Nxg3 38. Bd3 e4 39. Rxh3 h4 40. Bxe4 Kf6 41. Kf4 Nxe4 42. Kxe4 Kg5 43. Kf3 Rf8+ 44. Kg2 Rf5 45. c4 Rf4 46. Rb3 Rxc4 47. Rxb7 Rb4 48. Rb6 Kf4 49. Rxd6 Rxb2+ 50. Kh3 Ke5 51. Rxa6 Kxd5 52. Kxh4 c4 53. Ra8 c3 54. a6 Ra2 55. a7 c2 56. Rc8 Rxa7 57. Rxc2 1/2-1/2